 Dungeon Crawl Stone Soup version 0.24-b1-44-g37ad8b309f (webtiles) character file.

Game seed: 8331742914181827507, levelgen mode: deterministic

438 Mrkan the Cudgeler (level 7, -8/44 HPs)
             Began as a Gargoyle Monk on Oct 24, 2019.
             Was a Believer of Makhleb.
             Mangled by an ogre
             ... wielding a +0 giant club
              (13 damage)
             ... on level 4 of the Dungeon.
             The game lasted 00:06:21 (3234 turns).

Mrkan the Cudgeler (Gargoyle Monk)                  Turns: 3234, Time: 00:06:22

Health: -8/44      AC: 12    Str: 17    XL:     7   Next: 1%
Magic:  8/8        EV:  4    Int: 10    God:    Makhleb [**....]
Gold:   145        SH:  7    Dex: 12    Spells: 6/6 levels left

rFire    . . .     SeeInvis .   a - +0 mace
rCold    . . .     Gourm    .   k - +0 shield
rNeg     + . .     Faith    .   q - +0 chain mail (curse)
rPois    ∞         Spirit   .   (no helmet)
rElec    +         Reflect  .   (no cloak)
rCorr    .         Harm     .   (no gloves)
MR       .....                  (no boots)
Stlth    ..........             (no amulet)
HPRegen  0.14/turn              (no ring)
MPRegen  0.11/turn              (no ring)

@: no status effects
A: negative energy resistance 1, electricity resistance, unbreathing,
petrification resistance, rot immunity, AC +4
a: Minor Destruction, Renounce Religion


You were on level 4 of the Dungeon.
You worshipped Makhleb.
Makhleb was pleased with you.
You were not hungry.

You visited 1 branch of the dungeon, and saw 5 of its levels.

You collected 145 gold pieces.

Inventory:

Hand Weapons
 a - a +0 mace (weapon)
 l - a +0 hunting sling
 u - a cursed -1 mace
Missiles
 h - 114 stones (quivered)
 r - 8 javelins
Armour
 k - a +0 shield (worn)
 p - a +0 cloak
 q - a cursed +0 chain mail (worn)
Jewellery
 m - an uncursed amulet of magic regeneration {unknown}
Scrolls
 d - 3 scrolls of remove curse {unknown}
 e - 2 scrolls of enchant armour {unknown}
 f - a scroll of identify {unknown}
 j - 4 scrolls of amnesia {unknown}
 n - 2 scrolls of fog {unknown}
 s - a scroll of teleportation {unknown}
Potions
 b - a potion of magic {unknown}
 g - a potion of resistance {unknown}
 i - 2 potions of curing
 o - a potion of mutation {unknown}
 v - a potion of agility
Comestibles
 c - a ration


   Skills:
 + Level 5.3 Fighting
 * Level 6.2 Maces & Flails
 - Level 2.4 Dodging
 - Level 2.1 Stealth
 + Level 2.1 Invocations


You had 6 spell levels left.
You didn't know any spells.
Your spell library was empty.

Dungeon Overview and Level Annotations

Branches:
Dungeon (5/15)
 Temple: D:4-7

Altars:
Fedhas
Makhleb
Qazlal
Wu Jian
Yredelemnul


Innate Abilities, Weirdness & Mutations

You are resistant to torment.
Your stone body is resilient. (AC +4)
You are immune to poison.
You resist negative energy. (rN+)
You are resistant to electric shocks. (rElec)
You can survive without breathing.
You are immune to petrification.
You are immune to rotting.


Message History

You hit the ogre.
The ogre is moderately wounded.
You block the hound zombie's attack.
The ogre hits you with a +0 giant club!!
You hit the ogre.
The ogre is moderately wounded.
You block the hound zombie's attack. The ogre hits you with a +0 giant club!
* * * LOW HITPOINT WARNING * * *
The hound zombie barely misses you.
You hit the ogre but do no damage.
The ogre is moderately wounded.
The hound zombie bites you.
* * * LOW HITPOINT WARNING * * *
The ogre hits you with a +0 giant club.
* * * LOW HITPOINT WARNING * * *
You sock the ogre!
The ogre is severely wounded.
The hound zombie bites you but does no damage. x2
The ogre hits you with a +0 giant club!
You die...

...........
.........####
.......>....# #
.........##.# ..
.........##..### ###..
.....[...###...####...
######.....###......#
#####..........#
#.....O@...#...
#.....Z<........
#...........#...
...................
...............#....
.....########.......
..... ..##... .....
...# .. #### $..#


You could see an ogre and a hound zombie.

Vanquished Creatures
  2 ice beasts
  A hound (D:3)
  3 orc priests (D:3)
  Crazy Yiuf (D:3)
  A bullfrog skeleton (D:4)
  Jessica (D:2)
  An adder (D:4)
  A dart slug (D:1)
  A leopard gecko (D:1)
  4 orcs
  3 ball pythons
  6 giant cockroaches
  6 goblins
  4 hobgoblins
  4 kobolds
  A frilled lizard (D:2)
  8 rats
48 creatures vanquished.

Notes
Turn   | Place    | Note
-------+----------+-------------------------------------------
     0 | D:1      | Mrkan the Gargoyle Monk began the quest for the Orb.
     0 | D:1      | Reached XP level 1. HP: 14/14 MP: 1/1
   103 | D:1      | Reached XP level 2. HP: 8/19 MP: 2/2
  1252 | D:2      | Found a faded altar of an unknown god.
  1331 | D:2      | Found a blossoming altar of Fedhas.
  1538 | D:2      | Reached XP level 3. HP: 23/24 MP: 3/3
  1580 | D:2      | Noticed Jessica
  1586 | D:2      | Killed Jessica
  1586 | D:2      | Reached skill level 4 in Maces & Flails
  1901 | D:3      | Reached XP level 4. HP: 29/29 MP: 4/4
  1925 | D:3      | Reached XP level 5. HP: 11/34 MP: 5/5
  1944 | D:3      | Reached skill level 5 in Maces & Flails
  2030 | D:3      | Found a burning altar of Makhleb.
  2084 | D:3      | Became a worshipper of Makhleb the Destroyer
  2084 | D:3      | Reached * piety under Makhleb
  2084 | D:3      | Reached ** piety under Makhleb
  2149 | D:3      | Found an ornate altar of the Wu Jian Council.
  2149 | D:3      | Found a stormy altar of Qazlal.
  2150 | D:3      | Found a basalt altar of Yredelemnul.
  2417 | D:3      | Found a runed translucent door.
  2418 | D:3      | Noticed Crazy Yiuf
  2542 | D:3      | Paralysed by Crazy Yiuf for 2 turns
  2546 | D:3      | Killed Crazy Yiuf
  2592 | D:4      | Noticed an ogre
  2633 | D:4      | Reached XP level 6. HP: 29/40 MP: 6/6
  2706 | D:5      | Entered Level 5 of the Dungeon
  2710 | D:5      | Noticed an ice beast
  2731 | D:5      | Killed an ice beast
  2731 | D:5      | Reached skill level 5 in Fighting
  2731 | D:5      | Reached skill level 1 in Invocations
  2739 | D:4      | Noticed an ice beast
  2992 | D:3      | Killed an ice beast
  2992 | D:3      | Reached skill level 6 in Maces & Flails
  3226 | D:4      | Reached XP level 7. HP: 44/44 MP: 8/8
  3234 | D:4      | Mangled by an ogre

Skill      XL: |  1  2  3  4  5  6 |
---------------+-------------------+-----
Maces & Flails | 4 5 6 |  6.2
Fighting       | 4 5 |  5.3
Invocations    | 2 |  2.1
Dodging        | |  2.4
Stealth        | |  2.1

Action                   |  1- 3 |  4- 6 |  7- 9 || total
-------------------------+-------+-------+-------++-------
Melee: Mace              |    89 |   151 |     6 ||   246
  Use: Potion            |       |     1 |       ||     1
 Stab: Sleeping          |     5 |       |       ||     5
  Eat: Chunk             |     3 |     3 |       ||     6
       Ration            |       |     1 |       ||     1
Armor: Robe              |    11 |       |       ||    11
       Chain mail        |    27 |   103 |     2 ||   132
       Scale mail        |     6 |       |       ||     6
Dodge: Dodged            |    27 |    28 |     1 ||    56
Block: Shield            |    19 |    48 |     4 ||    71
